 Dungeon Crawl Stone Soup version 0.28-a0-474-g535839065c (webtiles) character file.

Game seed: 4797381590855849252

0 spiderkeys the Skirmisher (level 1, -2/16 HPs)
             Began as an Octopode Abyssal Knight on Sept 16, 2021.
             Was a Follower of Lugonu.
             Slain by a tentacled monstrosity (3 damage)
             ... on level 5 of the Abyss.
             The game lasted 00:00:53 (154 turns).

spiderkeys the Skirmisher (Octopode Abyssal Knight)  Turns: 154, Time: 00:00:53

Health: -2/16      AC:  1    Str: 11    XL:     1   Next: 0%
Magic:  2/2        EV: 10    Int: 14    God:    Lugonu [*.....]
Gold:   0          SH:  0    Dex: 11    Spells: 0/0 levels left

rFire   . . .      SeeInvis .   a - +1 spear
rCold   . . .      Faith    .   (no shield)
rNeg    . . .      Spirit   .   (helmet restricted)
rPois   .          Reflect  .   (no amulet)
rElec   .          Harm     .   (no ring)
rCorr   .          Rampage  .   (no ring)
Will    .....                   (no ring)
Stlth   ++........              (no ring)
HPRegen 0.05/turn               (no ring)
MPRegen 0.08/turn               (no ring)
                                (no ring)
                                (no ring)

@: constricted
A: almost no armour, amphibious, 8 rings, camouflage 1, gelatinous body 1,
(nimble swimmer 1), tentacles
a: Renounce Religion, Depart the Abyss


You were on level 5 of the Abyss.
You worshipped Lugonu.
Lugonu was aware of your devotion.
You visited 0 branches of the dungeon, and saw 0 of its levels.
You visited the Abyss 1 time.


Innate Abilities, Weirdness & Mutations

You cannot wear most types of armour.
You are amphibious.
You can wear up to eight rings at the same time.
Your skin changes colour to match your surroundings (Stealth+).
Your rubbery body absorbs attacks. (AC +1, EV +1)
((You are camouflaged near water. (Stealth+)))
You have tentacles for arms and can constrict up to eight enemies at once.


   Skills:
 + Level 3.0 Fighting
 + Level 2.0 Polearms
 + Level 2.3 Dodging
 + Level 2.0 Invocations


You couldn't memorise any spells.
You didn't know any spells.
Your spell library was empty.

Inventory:

Hand Weapons
 a - a +1 spear (weapon)
Missiles
 b - 16 bolts
Potions
 c - a potion of heal wounds {unknown}

Dungeon Overview and Level Annotations

Branches:
Dungeon (0/15)

Altars:

# .# .... ## #. .# .
#.. .#. ...# #
#..######.#####.#.#
._....#............#
....≈............#
..........w....## .
#..(..#@....#
G...##+...<.─wX..##
.........f.X.....# .
...##...X...##..# .
.. #.#####.# ..[.#
.. # . ### #.## ≈X≈
≈≈≈# ... #≈≈≈≈f≈≈≈≈#
... #X≈≈≈≈≈≈X # ..


You could see 2 tentacled monstrosities, a shambling mangrove, a tentacled
starspawn and 2 starspawn tentacles.


Message History

🤖 Initializing magus.rc ...
Options error: Delay interrupt name "hungry" not recognised. (~/.crawlrc:4988) ✅ Successfully initialized magus.rc [v1.9.10] Welcome, spiderkeys the Octopode Abyssal Knight.
Will you prevail where others failed? Will you find the Orb of Zot?
Lugonu says: Depart the Abyss and spread corruption, my servant! (use the ability menu to exit the Abyss) Press ? for a list of commands and other information.
Found a corrupted altar of Lugonu.
There is a corrupted altar of Lugonu here.
Found a gateway leading out of the Abyss.
b - 16 bolts
c - a fuming purple potion
Found a gateway leading deeper into the Abyss.
A titan skeleton comes into view.
There is a gateway leading deeper into the Abyss here.
You can't go up here!
You plunge deeper into the Abyss.
Found a gateway leading deeper into the Abyss.
A tentacled starspawn comes into view.
You see here 2 bubbling golden potions.
Tentacles burst from the starspawn's body! 2 starspawn tentacles come into view.
The starspawn tentacle barely misses you.
The starspawn tentacle barely misses you.
The starspawn tentacle grabs you.
The starspawn tentacle constricts you. 😕 HP[-3]
You take 3 damage, and now have 13/16 hp.
You escape the starspawn tentacle's grasp.
Found a gateway leading deeper into the Abyss.
There is a gateway leading deeper into the Abyss here.
You plunge deeper into the Abyss.
The abyssal rune of Zot can be found at this depth.
Found a gateway leading deeper into the Abyss.
There is a gateway leading deeper into the Abyss here.
You plunge deeper into the Abyss.
The abyssal rune of Zot can be found at this depth. 😕 HP[+1]
Found a gateway leading deeper into the Abyss.
Why would you want to do that?
There is a gateway leading deeper into the Abyss here.
You plunge deeper into the Abyss.
The abyssal rune of Zot can be found at this depth. 😕 HP[+1]
A shining eye comes into view.
Found a corrupted altar of Lugonu.
You see here 16 sling bullets.
Tentacles burst from the starspawn's body! 2 starspawn tentacles come into view.
The starspawn tentacle grabs you. The starspawn tentacle constricts you.
The starspawn tentacle's grasp on you weakens, but your attempt to escape fails.
The starspawn tentacle loses its grip on you.
The tentacle pulls you backwards! The starspawn tentacle grabs you.
The starspawn tentacle constricts you. 😮 HP[-6]
You take 6 damage, and now have 9/16 hp.
MASSIVE DAMAGE!! (PAUSE)
The starspawn tentacle's grasp on you weakens, but your attempt to escape fails.
The starspawn tentacle loses its grip on you.
The tentacle pulls you backwards!
A starspawn tentacle segment comes into view.
The starspawn tentacle grabs you. The starspawn tentacle constricts you.
* * * LOW HITPOINT WARNING * * *
The starspawn tentacle segment moves out of view.
A starspawn tentacle segment comes into view. 😨 HP[-3]
You take 3 damage, and now have 6/16 hp.
You hit the tentacled monstrosity.
The tentacled monstrosity barely misses you.
The tentacled monstrosity tentacle-slaps you.
* * * LOW HITPOINT WARNING * * *
The tentacled monstrosity tentacle-slaps you.
You die...

Action                   || total
-------------------------++-------
Melee: Spear             ||     1
Dodge: Dodged            ||     3

Levels and vault maps discovered:
Abyss:5:  base: Temple, evilmike_nicolae_abyss_rune_betentacled_crabyss,
          hangedman_decor_lopped

Notes
Turn   | Place    | Note
-------+----------+-------------------------------------------
     0 | Abyss:1  | spiderkeys the Octopode Abyssal Knight began the quest for
                  | the Orb.
     0 | Abyss:1  | Reached XP level 1. HP: 16/16 MP: 2/2
     0 | Abyss:1  | magus.rc [v1.9.10]
    69 | Abyss:1  | Noticed a titan skeleton
    97 | Abyss:2  | Noticed a tentacled starspawn
   136 | Abyss:4  | Noticed a spatial maelstrom
   139 | Abyss:4  | Noticed a spatial vortex
   140 | Abyss:5  | Entered Level 5 of the Abyss
   140 | Abyss:5  | Noticed a shambling mangrove
   140 | Abyss:5  | Noticed a tentacled monstrosity
   140 | Abyss:5  | Noticed a tentacled monstrosity
   143 | Abyss:5  | Noticed a shining eye
   144 | Abyss:5  | Found a corrupted altar of Lugonu.
   146 | Abyss:5  | Noticed a tentacled starspawn
   154 | Abyss:5  | HP: 1/16 [tentacled monstrosity (5)]
   154 | Abyss:5  | Slain by a tentacled monstrosity

Vanquished Creatures (others)
  2 starspawn tentacles (Abyss:2)
2 creatures vanquished.

Table legend:
 A = Non-vault XP
 B = Vault XP
 C = Vault XP percentage of total XP
 D = Non-vault monster count
 E = Vault monster count
 F = Vault count percentage of total count
                 A         B        C        D         E       F
            +---------+---------+-------+---------+---------+-------
      Total |       0 |       0 |   N/A |       0 |       0 |  -nan
            +---------+---------+-------+---------+---------+-------
            +---------+---------+-------+---------+---------+-------

Illustrated notes

Table legend: (Time is in decaauts)
 A = Elapsed time spent in this place.
 B = Non-inter-level travel time spent in this place.
 C = Inter-level travel time spent in this place.
 D = Time resting spent in this place.
 E = Time spent auto-exploring this place.
 F = Levels seen in this place.
 G = Mean time per level.
                   A        B        C        D        E       F      G
               +--------+--------+--------+--------+--------+-----+--------+
         Total |    153 |    153 |      0 |      0 |     63 |   5 |   30.6 |
         Abyss |    153 |    153 |      0 |      0 |     63 |   5 |   30.6 |
               +--------+--------+--------+--------+--------+-----+--------+

Top non-repeatable levels by time:
 Abyss:1: 74 daAuts
 Abyss:2: 35 daAuts
 Abyss:4: 19 daAuts
 Abyss:5: 13 daAuts
 Abyss:3: 9 daAuts
